 Dungeon Crawl Stone Soup version 0.31-a0-1576-ga3383bade6 (webtiles) character file.

Game seed: 7268220656345035587

611 yokelz the Magician (level 7, -1/39 HPs)
             Began as a Deep Elf Earth Elementalist on Jan 4, 2024.
             Succumbed to a kobold brigand's curare-tipped dart
             ... on level 4 of the Dungeon.
             The game lasted 00:10:44 (3442 turns).

yokelz the Magician (Deep Elf Earth Elementalist)   Turns: 3442, Time: 00:10:45

Health: -1/39      AC:  7    Str:  5    XL:     7   Next: 20%
Magic:  5/17       EV: 10    Int: 22    God:
Gold:   156        SH:  0    Dex: 15    Spells: 9/17 levels left

rFire   . . .        o - staff of earth
rCold   . . .        (no shield)
rNeg    . . .        y - +0 steam dragon scales
rPois   .            (no helmet)
rElec   .            z - +1 cloak
rCorr   .            (no gloves)
SInv    .            (no boots)
Will    +....        (no amulet)
Stlth   +++          l - ring of willpower
HPRegen 0.26/turn    (no ring)
MPRegen 0.15/turn

%: no passive effects
@: lethally poisoned (-1 -> -17), grasped by roots, slowed, constricted, very
slow
A: no striking features
a: no special abilities


You were on level 4 of the Dungeon.
You visited 1 branch of the dungeon, and saw 4 of its levels.

You collected 156 gold pieces.

Inventory:

Hand Weapons
 d - a +1 dagger of distortion
 e - a +0 spear
 n - a +0 dagger of venom
Missiles
 r - 4 poisoned darts
Armour
 a - a +0 robe
 k - a +0 leather armour
 u - the +0 robe of Sif Muna's Respect {+Blink rElec rPois Will+}
   (You found it on level 2 of the Dungeon)

   rElec:     It insulates you from electricity.
   rPois:     It protects you from poison Will+: It increases your willpower.
   +Blink:    It lets you blink.
 y - +0 steam dragon scales (worn)
 z - a +1 cloak (worn)
Magical Staves
 o - a staff of earth (weapon)
Jewellery
 g - an amulet of faith
 l - a ring of willpower (left hand)
Scrolls
 f - 2 scrolls of blinking
 h - 2 scrolls of teleportation {unknown}
 i - a scroll of poison {unknown}
 j - a scroll of fog {unknown}
 p - a scroll of acquirement {unknown}
 q - a scroll of fear
 A - 3 scrolls of identify
 C - a scroll of torment {unknown}
Potions
 b - a potion of magic
 c - a potion of attraction
 m - a potion of resistance
 s - a potion of heal wounds
 t - a potion of invisibility {unknown}
 v - a potion of curing {unknown}
 w - 2 potions of haste {unknown}
 x - a potion of might {unknown}
 B - a potion of ambrosia {unknown}
 D - a potion of brilliance {unknown}


   Skills:
 + Level 1.7 Fighting
 + Level 3.7 Dodging
 + Level 3.9 Stealth
 - Level 5.8 Spellcasting
 - Level 4.0 Conjurations
 - Level 5.2 Earth Magic


You had 9 spell levels left.
You knew the following spells:

 Your Spells              Type           Power      Damage    Failure   Level
a - Sandblast             Erth           88%        2d18      1%          1
b - Stone Arrow           Conj/Erth      80%        3d12      4%          3
c - Petrify               Alch/Erth      26%        N/A       32%         4

Your spell library contained the following spells:

 Spells                   Type           Power      Damage    Failure   Level
 Passwall                 Erth           44%        N/A       3%          3
 Foxfire                  Conj/Fire      60%        2x1d7     4%          1
 Brom's Barrelling Bould  Conj/Erth      40%        2d6       14%         4
 Starburst                Conj/Fire      7%         6d4       99%         6
 Plasma Beam              Fire/Air       3%         2x1d13    100%        6


Dungeon Overview and Level Annotations

Branches:
Dungeon (4/15)
 Temple: D:4-7

Altars:
Hepliaklqana
Zin


Message History

You start resting.
Your magical contamination has completely faded away.
You start resting.
A kobold brigand is nearby!
There is a stone staircase leading up here.
You start resting.
A kobold brigand is nearby!
Things that are here:
a +0 hand axe; a +0 club; a +0 club
Aiming: Stone Arrow (dangerous; 4% risk of failure)
Press: ? - help, Q - select action, (/) - cycle Shift-Dir - straight line, f - kobold brigand
Aim: a kobold brigand, wielding a +2 dagger of venom, quivering curare-tipped darts and carrying a wand of roots (wandering, hasn't noticed you, 70% to hit)
You feel a surge of power!
The stone arrow hits the kobold brigand!
The kobold brigand is heavily wounded.
The kobold brigand shouts!
The kobold brigand throws a curare-tipped dart.
The curare-tipped dart hits you.
You are poisoned.
You have difficulty breathing.
You feel yourself slow down.
Aiming: Stone Arrow (dangerous; 4% risk of failure)
Press: ? - help, Q - select action, (/) - cycle Shift-Dir - straight line, f/p - kobold brigand
Aim: a kobold brigand, wielding a +2 dagger of venom, quivering curare-tipped darts and carrying a wand of roots (heavily wounded, 70% to hit)
You feel a surge of power!
The stone arrow misses the kobold brigand.
You feel very sick.
The kobold brigand zaps a wand.
The roots erupt in riotous growth!
The grasping roots grab you! The grasping roots constrict you.
The kobold brigand throws a curare-tipped dart.
The curare-tipped dart hits you.
You are more poisoned.
You have difficulty breathing.
* * * LOW HITPOINT WARNING * * *
You feel as though you will be slow longer.
The grasping roots constrict you!
* * * LOW HITPOINT WARNING * * *
You hear a shout! x7
You drop a scroll labelled LIGOHE QUDUANT.
You die...

....##...#######.#..#
..........#.........# ...
#...##.........#
....##...##.........#
.........<#.........#
#####....#.........# .
#..).+...##...##
#.......##.).##...##...## .
#........#@.)##.........# ...
+.......[)..............#
#.####.....#..#..............#
#.#.##.....#).#~.............#
##.#.##....##K #~~............#
#....##....#..##~~###.........#
.........<.#. #≈~~~##...##...##
.......†...#..#≈≈~~.....######
..o........#..#≈~~~(.........


You could see a kobold brigand.

Vanquished Creatures
  Sigmund (D:4)
  A steam dragon (D:3)
  A phantom (D:4)
  A jelly (D:4)
  An orc priest (D:3)
  An iguana (D:4)
  Terence (D:3)
  An orc wizard (D:4)
  2 gnolls
  4 adders
  A dart slug (D:2)
  A ribbon worm (D:4)
  5 orcs
  5 bats
  4 endoplasms
  3 giant cockroaches (D:1)
  4 goblins
  5 hobgoblins
  12 kobolds
  2 quokkas
  6 ball pythons
  4 frilled lizards
  4 rats
70 creatures vanquished.

Notes
Turn   | Place    | Note
-------+----------+-------------------------------------------
     0 | D:1      | yokelz the Deep Elf Earth Elementalist began the quest for
                  | the Orb.
     0 | D:1      | Reached XP level 1. HP: 10/10 MP: 6/6
    75 | D:1      | Reached XP level 2. HP: 15/15 MP: 5/8
   703 | D:1      | Reached XP level 3. HP: 17/19 MP: 3/10
  1031 | D:1      | Found a faded altar of an unknown god.
  1328 | D:2      | Learned a level 3 spell: Stone Arrow
  1456 | D:2      | Identified the +0 robe of Sif Muna's Respect {+Blink rElec
                  | rPois Will+}
  1850 | D:2      | Reached XP level 4. HP: 24/24 MP: 9/12
  2068 | D:3      | Noticed a steam dragon
  2076 | D:3      | Killed a steam dragon
  2077 | D:3      | Reached skill level 5 in Spellcasting
  2077 | D:3      | Reached XP level 5. HP: 28/28 MP: 6/14
  2218 | D:3      | Noticed Terence
  2226 | D:3      | Killed Terence
  2405 | D:3      | Reached skill level 5 in Earth Magic
  2609 | D:3      | Found a glowing silver altar of Zin.
  2709 | D:3      | Found a hazy altar of Hepliaklqana.
  2713 | D:3      | Reached XP level 6. HP: 32/32 MP: 11/16
  3015 | D:4      | Learned a level 4 spell: Petrify
  3181 | D:4      | Noticed Sigmund
  3250 | D:4      | Killed Sigmund
  3251 | D:4      | Reached skill level 1 in Fighting
  3251 | D:4      | Reached XP level 7. HP: 38/38 MP: 13/17
  3442 | D:4      | Succumbed to a kobold brigand's curare-tipped dart

Illustrated notes

Levels and vault maps discovered:
D:1:      roderic_chinese_lattice_arrival, layout_basic,
          hellmonk_ecumenical_altar_inner_sanctum, fountainhead
D:2:      layout_basic, minmay_misc_feat_chi
D:3:      layout_loops_ring, mainiacjoe_overflow_alcove_4,
          mainiacjoe_overflow_alcove_1, uniq_terence
D:4:      cheibrodos_thug_alley, layout_gridville, mainiacjoe_overflow_paths,
          trog_book, minmay_close_crescents, uniq_ijyb, uniq_sigmund

Skill      XL: |  1  2  3  4  5  6 |
---------------+-------------------+-----
Conjurations   | 2 3 4 |  4.0
Spellcasting   | 4 5 |  5.8
Earth Magic    | 4 5 |  5.2
Fighting       | 1 |  1.7
Dodging        | 3 |  3.7
Stealth        | 3 |  3.9

Action                     |  1- 3 |  4- 6 |  7- 9 || total
---------------------------+-------+-------+-------++-------
  Melee: Staff             |       |    16 |       ||    16
   Cast: Sandblast         |    56 |    16 |     2 ||    74
         Stone Arrow       |       |    16 |     8 ||    24
    Use: Scroll            |       |     5 |       ||     5
 Armour: Robe              |     3 |       |       ||     3
         Leather armour    |    12 |       |       ||    12
         Steam dragon scal |       |    15 |       ||    15
  Dodge: Dodged            |    15 |    11 |       ||    26

Table legend: (Time is in decaauts)
 A = Elapsed time spent in this place.
 B = Non-inter-level travel time spent in this place.
 C = Inter-level travel time spent in this place.
 D = Time resting spent in this place.
 E = Time spent auto-exploring this place.
 F = Levels seen in this place.
 G = Mean time per level.
                   A        B        C        D        E       F      G
               +--------+--------+--------+--------+--------+-----+--------+
         Total |   3486 |   3381 |    105 |    402 |   2394 |   4 |  871.5 |
       Dungeon |   3486 |   3381 |    105 |    402 |   2394 |   4 |  871.5 |
               +--------+--------+--------+--------+--------+-----+--------+

Top non-repeatable levels by time:
     D:1: 1167 daAuts
     D:3: 1063 daAuts
     D:2: 877 daAuts
     D:4: 378 daAuts
